 Dungeon Crawl Stone Soup version 0.27-a0-148-g9515ab555c (webtiles) character file.

Game seed: 3674128593747129218

87 shakesphere1979 the Grave Robber (level 4, 0/32 HPs)
             Began as a Vampire Necromancer on Jan 26, 2021.
             Slain by a crimson imp (4 damage)
             ... summoned by Natasha
             ... on level 2 of the Dungeon.
             The game lasted 00:07:16 (2360 turns).

shakesphere1979 the Grave Robber (VpNe)             Turns: 2360, Time: 00:07:17

Health: 0/32       AC:  2    Str:  7    XL:     4   Next: 28%
Magic:  5/7        EV: 13    Int: 18    God:
Gold:   103        SH:  0    Dex: 14    Spells: 7/8 levels left

rFire    . . .     SeeInvis +   b - +0 dagger
rCold    . . .     Faith    .   (no shield)
rNeg     . . .     Spirit   .   a - +0 robe
rPois    .         Reflect  .   (no helmet)
rElec    .         Harm     .   (no cloak)
rCorr    .         Rampage  .   (no gloves)
Will     .....                  (no boots)
Stlth    +++.......             (no amulet)
HPRegen  0.30/turn              (no ring)
MPRegen  0.10/turn              (no ring)

@: regenerating quickly
A: fangs 3, see invisible, unbreathing
a: Exsanguinate


You were on level 2 of the Dungeon.
You visited 1 branch of the dungeon, and saw 2 of its levels.

You collected 103 gold pieces.

Inventory:

Hand Weapons
 b - a +0 dagger (weapon)
 f - a +0 mace of protection
Missiles
 j - 90 stones
 r - 17 poisoned darts
 s - 2 silver javelins
 t - 15 sling bullets
Armour
 a - a +0 robe (worn)
Jewellery
 m - a +6 ring of dexterity {unknown}
 o - an uncursed ring of flight
 q - an uncursed ring of protection from cold {unknown}
Scrolls
 c - 3 scrolls of teleportation {unknown}
 d - 3 scrolls of identify {unknown}
 g - 2 scrolls of enchant armour {unknown}
 h - a scroll of fog {unknown}
 i - 2 scrolls of magic mapping {unknown}
 l - 2 scrolls of remove curse {unknown}
Potions
 e - a potion of brilliance {unknown}
 k - a potion of heal wounds {unknown}
 n - 2 potions of might {unknown}
 p - 2 potions of flight {unknown}
 u - a potion of lignification {unknown}


   Skills:
 + Level 1.3 Fighting
 + Level 3.0 Dodging
 + Level 4.2 Stealth
 + Level 2.5 Spellcasting
 + Level 4.8 Necromancy


You had 7 spell levels left.
You knew the following spells:

 Your Spells              Type           Power        Failure   Level
a - Pain                  Necr           76%          2%          1

Your spell library contained the following spells:

 Spells                   Type           Power        Failure   Level
 Animate Skeleton         Necr           38%          2%          1
 Vampiric Draining        Necr           9%           7%          3
 Animate Dead             Necr           9%           24%         4
 Agony                    Necr           19%          54%         5


Dungeon Overview and Level Annotations

Branches:
Dungeon (2/15)

Altars:

Annotations:
D:2 Natasha


Innate Abilities, Weirdness & Mutations

Your natural rate of healing is unusually fast.
You have razor-sharp teeth.
You have supernaturally acute eyesight. (SInv)
You can survive without breathing.


Message History

Natasha mumbles some strange words.
The crimson imp blinks!
Natasha mumbles some strange words.
The kobold throws a stone.
The stone misses you. Natasha claws you!
Casting: Pain (safe; 2% risk of failure)
Confirm with . or Enter, or press ? or * to list all spells.
Aiming: Pain (safe; 2% risk of failure)
Press: ? - help, Shift-Dir - straight line, f - Natasha
Aim: Natasha (chance to affect: 78%) Natasha writhes in agony.
Natasha closely misses you.
Casting: Pain (safe; 2% risk of failure)
Confirm with . or Enter, or press ? or * to list all spells.
Aiming: Pain (safe; 2% risk of failure)
Press: ? - help, Shift-Dir - straight line, f/p - Natasha
Aim: Natasha (lightly wounded, chance to affect: 78%) Natasha writhes in agony.
Natasha claws you!
* * * LOW HITPOINT WARNING * * *
The crimson imp hits you.
You die...

####### ########......# ##
#.....# #.............#
.###.....# #.............#
.........# #†..............
.........# #...............
........## #...............
........#### #.........#.....
...........###.........###....
............[...@......# ....
.............^.5h#########....
)....#...........K..# .......
.....#.....######...# ....#.#
...........# #...# .......
'####..##########...###†..?...
....##..........+†..5.h.....>.
.....##.........#.............
......####......####..........


You could see Natasha, 2 crimson imps and a kobold.

Vanquished Creatures
  An adder (D:2)
  An ooze (D:2)
  4 leopard geckos
  3 giant cockroaches (D:1)
  12 hobgoblins
  10 jackals
  2 quokkas (D:2)
  4 bats
  6 frilled lizards
  6 goblins
  7 kobolds
  9 rats
65 creatures vanquished.

Notes
Turn   | Place    | Note
-------+----------+-------------------------------------------
     0 | D:1      | shakesphere1979 the Vampire Necromancer began the quest for
                  | the Orb.
     0 | D:1      | Reached XP level 1. HP: 13/13 MP: 3/3
   268 | D:1      | Reached XP level 2. HP: 14/20 MP: 0/5
   680 | D:1      | Reached XP level 3. HP: 25/25 MP: 6/6
  1058 | D:1      | Reached skill level 1 in Fighting
  1778 | D:2      | Reached XP level 4. HP: 27/32 MP: 3/7
  2343 | D:2      | Noticed Natasha
  2360 | D:2      | Slain by a crimson imp

Illustrated notes

Levels and vault maps discovered:
D:1:      dpeg_chamrin_arrival_tetris, layout_basic
D:2:      kennysheep_big_flooded_room, layout_basic, okawaru_altar_gauntlet_db,
          uniq_natasha

Skill      XL: |  1  2  3  4 |
---------------+-------------+-----
Fighting       | 1 |  1.3
Stealth        | 4 |  4.2
Dodging        | 3 |  3.0
Spellcasting   | |  2.5
Necromancy     | |  4.8

Action                   |  1- 3 |  4- 6 || total
-------------------------+-------+-------++-------
Melee: Unarmed           |    12 |       ||    12
       Dagger            |   102 |    35 ||   137
       Bite              |     9 |     3 ||    12
 Cast: Pain              |    68 |    12 ||    80
 Stab: Sleeping          |     3 |     2 ||     5
Armor: Robe              |    25 |     7 ||    32
Dodge: Dodged            |   143 |    32 ||   175

Table legend: (Time is in decaauts)
 A = Elapsed time spent in this place.
 B = Non-inter-level travel time spent in this place.
 C = Inter-level travel time spent in this place.
 D = Time resting spent in this place.
 E = Time spent auto-exploring this place.
 F = Levels seen in this place.
 G = Mean time per level.
                   A        B        C        D        E       F      G
               +--------+--------+--------+--------+--------+-----+--------+
         Total |   2362 |   2359 |      3 |    834 |    717 |   2 | 1181.0 |
       Dungeon |   2362 |   2359 |      3 |    834 |    717 |   2 | 1181.0 |
               +--------+--------+--------+--------+--------+-----+--------+

Top non-repeatable levels by time:
     D:1: 1388 daAuts
     D:2: 974 daAuts
